 Dungeon Sprint DCSS version 0.30-a0-210-g01b79a254e (webtiles) character file.

Game seed: 7174285743475576338

4529 rocky1 the Bludgeoner (level 10, -4/123 HPs)
             Began as an Ogre Gladiator on Oct 5, 2022.
             Was an Initiate of Gozag.
             Slain by a shadow wraith (23 damage)
             ... in the Dungeon (Sprint VII: "The Pits").
             The game lasted 00:08:49 (2031 turns).

rocky1 the Bludgeoner (Ogre Gladiator)              Turns: 2031, Time: 00:08:50

Health: -4/123     AC:  7    Str: 25    XL:     10   Next: 39%
Magic:  10/10      EV: 11    Int: 11    God:    Gozag
Gold:   246        SH:  0    Dex: 10    Spells: 9/9 levels left

rFire   + + .      SeeInvis .    r - +2 dire flail (protect)
rCold   + + .      Faith    .    (shield currently unavailable)
rNeg    . . .      Spirit   .    a - +1 robe {rC+ rF+}
rPois   +          Reflect  .    c - +0 hat
rElec   +          Harm     .    (no cloak)
rCorr   +          Rampage  .    (gloves unavailable)
Will    +....      NoTele   +    (boots unavailable)
Stlth   +.........               (no amulet)
HPRegen 0.40/turn                p - +3 ring of strength
MPRegen 0.12/turn                d - +3 ring of protection

@: brilliant, resistant, slowed, very slow
A: large, unfitting armour, tough skin 1
a: Renounce Religion, Potion Petition, Call Merchant, Bribe Branch


You were in the Dungeon.
You worshipped Gozag.
Gozag was aware of your devotion.
You visited 1 branch You collected 3771 gold pieces.
You spent 1800 gold pieces at shops.
You paid 1725 gold pieces to Gozag.

Inventory:

Hand Weapons
 r - a +2 dire flail of protection (weapon)
 s - a +2 vorpal war axe
Missiles
 e - a large rock (quivered)
Armour
 a - a +1 robe of resistance (worn)
 b - +0 ice dragon scales
 c - a +0 hat (worn)
Jewellery
 d - a +3 ring of protection (right hand)
 p - a +3 ring of strength (left hand)
Scrolls
 m - 5 scrolls of amnesia
Potions
 f - 6 potions of curing
 g - 5 potions of heal wounds
 h - a potion of haste
 i - 4 potions of magic
 j - 5 potions of berserk rage
 l - 2 potions of invisibility
 q - 2 potions of brilliance


   Skills:
 + Level 14.8 Fighting
 + Level 18.6 Maces & Flails
 - Level 2.0 Throwing
 + Level 3.3 Armour
 + Level 4.7 Dodging


You had 9 spell levels left.
You didn't know any spells.
Your spell library was empty.

Dungeon Overview and Level Annotations

Branches:
Dungeon (1/1)

Altars:
Ashenzari
Cheibriados
Dithmenos
Elyvilon
Fedhas
Gozag
Hepliaklqana
Kikubaaqudgha
Makhleb
Nemelex Xobeh
Okawaru
Qazlal
Ru
Sif Muna
Trog
Uskayaw
Vehumet
Wu Jian
Xom
Yredelemnul
Zin
The Shining One
Jiyva
Lugonu

Shops:
D ([


Innate Abilities, Weirdness & Mutations

You are too large for most types of armour.
You have tough skin. (AC +1)


Message History

Unknown command.
Blink to where?
Press: ? - help, Dir - move target
As you read the scroll of blinking, it crumbles to dust.
You feel sick.
You close the large door.
You feel sick.
Something unseen breaks down the large door.
You feel much better.
You feel sick.
You are no longer poisoned.
Unknown command.
Okay, then. [a] - 462 gold - brilliance, magic and resistance [b] - 377 gold - heal wounds and magic [c] - 232 gold - heal wounds and curing Purchase which effect?
You no longer have enough gold to petition Gozag for potion effects.
You feel clever all of a sudden. Magic courses through your body.
You feel protected. Something hits you.
* * * LOW HITPOINT WARNING * * *
Something hits you!!
* * * LOW HITPOINT WARNING * * *
Something drains your vigour!
You feel as though you will be slow longer.
Something hits you.
* * * LOW HITPOINT WARNING * * *
Something drains your vigour!
You feel as though you will be slow longer.
Something hits you but does no damage.
You feel much better. Something hits you.
* * * LOW HITPOINT WARNING * * *
Something hits you!
* * * LOW HITPOINT WARNING * * *
Unknown command.
As you read the scroll of summoning, it crumbles to dust.
Wisps of shadow whirl around you...
The shadows disperse without effect.
Something hits you!!
You die...
Your body crumbles into a pile of gold.

....##.......##.∩....'..+
....##.......##......'..+
'#####...<...##.....##..##
))..##.......##)..###....###
))..##.......##.$##........## .
######.......##''#...#..#...#..
.#..###########..........h..'h
.#.############'{#...#..#...#
.#)#....#..[[##.@##........## .
.#'#....#..[[##...###....###...
.#.'....'..))##.....##..##.....
.#'#....#..))###.....+.$$.....#
.'.#....#..))# ###...+..'...###
############## ###########


There were no monsters in sight!

Vanquished Creatures
  A boulder beetle (D)
  3 elephants (D)
  2 molten gargoyles (D)
  A cane toad (D)
  A komodo dragon (D)
  A red devil (D)
  4 yaks (D)
  A fire elemental (D)
  2 water moccasins (D)
  A black bear (D)
  An ice beast (D)
  A sky beast (D)
  A wolf (D)
  A scorpion (D)
  3 wights (D)
  A killer bee (D)
  A hound (D)
  A jelly (D)
  An iron imp (D)
  A gnoll (D)
  4 adders (D)
  An ufetubus (D)
  A bat skeleton (D)
  A bat zombie (D)
  4 endoplasms (D)
  A giant cockroach (D)
  A goblin (D)
  A hobgoblin (D)
  5 jackals (D)
  A ball python (D)
  A frilled lizard (D)
50 creatures vanquished.

Notes
Turn   | Place    | Note
-------+----------+-------------------------------------------
     0 | D        | rocky1 the Ogre Gladiator began the quest for the Orb.
     0 | D        | Reached XP level 1. HP: 22/22 MP: 1/1
    16 | D        | Reached skill level 3 in Maces & Flails
    20 | D        | Found a bloodstained altar of Trog.
    20 | D        | Found a shimmering blue altar of Sif Muna.
    20 | D        | Found a viscous altar of Jiyva.
    20 | D        | Found a hazy altar of Hepliaklqana.
    20 | D        | Found an opulent altar of Gozag.
    21 | D        | Found a glowing golden altar of the Shining One.
    21 | D        | Found a glowing silver altar of Zin.
    21 | D        | Found a basalt altar of Yredelemnul.
    21 | D        | Found a shimmering altar of Xom.
    21 | D        | Found an ornate altar of the Wu Jian Council.
    21 | D        | Found a sacrificial altar of Ru.
    21 | D        | Found a stormy altar of Qazlal.
    21 | D        | Found an iron altar of Okawaru.
    21 | D        | Found a sparkling altar of Nemelex Xobeh.
    21 | D        | Found a burning altar of Makhleb.
    21 | D        | Found a blossoming altar of Fedhas.
    21 | D        | Found a white marble altar of Elyvilon.
    21 | D        | Found a shadowy altar of Dithmenos.
    21 | D        | Found a snail-covered altar of Cheibriados.
    24 | D        | Found a corrupted altar of Lugonu.
    24 | D        | Found a radiant altar of Vehumet.
    25 | D        | Found an ancient bone altar of Kikubaaqudgha.
    25 | D        | Found a hide-covered altar of Uskayaw.
    25 | D        | Found a broken altar of Ashenzari.
    28 | D        | Became a worshipper of Gozag Ym Sagoz the Greedy
   102 | D        | Reached skill level 4 in Maces & Flails
   105 | D        | Noticed a scorpion
   106 | D        | Killed a scorpion
   107 | D        | Reached skill level 7 in Maces & Flails
   107 | D        | Reached XP level 2. HP: 25/29 MP: 2/2
   107 | D        | Reached XP level 3. HP: 32/36 MP: 3/3
   107 | D        | Reached XP level 4. HP: 39/44 MP: 4/4
   144 | D        | Reached skill level 8 in Maces & Flails
   195 | D        | Noticed an ice beast
   270 | D        | Killed an ice beast
   271 | D        | Reached skill level 9 in Maces & Flails
   271 | D        | Reached XP level 5. HP: 61/61 MP: 5/5
   303 | D        | Noticed a water moccasin
   316 | D        | Killed a water moccasin
   317 | D        | Reached skill level 10 in Maces & Flails
   317 | D        | Reached XP level 6. HP: 49/76 MP: 6/6
   556 | D        | Reached skill level 10 in Fighting
   573 | D        | Reached skill level 11 in Maces & Flails
   657 | D        | Noticed a black bear
   657 | D        | Noticed a cane toad
   666 | D        | Reached XP level 7. HP: 72/88 MP: 7/7
   694 | D        | Killed a cane toad
   695 | D        | Reached skill level 12 in Maces & Flails
   695 | D        | Reached XP level 8. HP: 49/102 MP: 8/8
  1003 | D        | Noticed an elephant
  1003 | D        | Noticed a boulder beetle
  1027 | D        | Killed an elephant
  1028 | D        | Reached skill level 14 in Maces & Flails
  1081 | D        | Killed a boulder beetle
  1082 | D        | Reached skill level 15 in Maces & Flails
  1082 | D        | Reached XP level 9. HP: 85/111 MP: 9/9
  1168 | D        | Noticed an elephant
  1190 | D        | Killed an elephant
  1191 | D        | Reached skill level 16 in Maces & Flails
  1245 | D        | Noticed a komodo dragon
  1257 | D        | Killed a komodo dragon
  1318 | D        | Noticed a red devil
  1341 | D        | Reached skill level 17 in Maces & Flails
  1359 | D        | Killed a red devil
  1366 | D        | Reached skill level 18 in Maces & Flails
  1396 | D        | Reached XP level 10. HP: 88/120 MP: 10/10
  1484 | D        | Bought ice dragon scales for 1800 gold pieces
  1528 | D        | Noticed an elephant
  1528 | D        | Noticed a molten gargoyle
  1551 | D        | Killed an elephant
  1552 | D        | Reached skill level 1 in Armour
  1554 | D        | Killed a molten gargoyle
  1816 | D        | Noticed a molten gargoyle
  1830 | D        | Killed a molten gargoyle
  2031 | D        | Slain by a shadow wraith

Illustrated notes

Levels and vault maps discovered:
D:        pitsprint [storerooms_1, entrance_room_1, metal_vault_4, armoury_2,
          mini_pit_1, grid_room_1, main_hall_1, silver_pit, the_coven_1,
          the_vestibule_1, steel_vault_1, golden_pit, hallway_of_sentries,
          crystal_vault_1, iron_vault_1, final_vault]

Skill      XL: |  1  2  3  4  5  6  7  8  9 10 |
---------------+-------------------------------+-----
Maces & Flails | 7 9 10 11 12 15 18 | 18.6
Fighting       | 6 9 11 13 14 | 14.8
Armour         | 3 |  3.3
Dodging        | 4 |  4.7
Throwing       | |  2.0

Action                   |  1- 3 |  4- 6 |  7- 9 | 10-12 || total
-------------------------+-------+-------+-------+-------++-------
Melee: Flail             |    15 |    20 |       |       ||    35
       Mace              |       |    67 |    29 |       ||    96
       Dire flail        |       |       |    87 |    51 ||   138
Throw: Large rock        |     1 |     1 |       |       ||     2
       Throwing net      |       |     3 |       |       ||     3
Invok: Call Merchant     |       |     1 |       |     1 ||     2
       Potion Petition   |       |       |       |     1 ||     1
  Use: Potion            |       |       |     6 |     2 ||     8
       Scroll            |       |       |       |     2 ||     2
 Stab: Held in net/web   |       |     2 |       |       ||     2
       Distracted        |       |       |     1 |       ||     1
Armor: Robe              |     1 |    32 |    40 |    23 ||    96
Dodge: Dodged            |     9 |    39 |    30 |    14 ||    92

Table legend: (Time is in decaauts)
 A = Elapsed time spent in this place.
 B = Non-inter-level travel time spent in this place.
 C = Inter-level travel time spent in this place.
 D = Time resting spent in this place.
 E = Time spent auto-exploring this place.
 F = Levels seen in this place.
 G = Mean time per level.
                   A        B        C        D        E       F      G
               +--------+--------+--------+--------+--------+-----+--------+
         Total |   1984 |   1972 |     12 |   1006 |      0 |   1 | 1984.0 |
       Dungeon |   1984 |   1972 |     12 |   1006 |      0 |   1 | 1984.0 |
               +--------+--------+--------+--------+--------+-----+--------+

Top non-repeatable levels by time:
       D: 1984 daAuts
